 Dungeon Crawl Stone Soup version 0.27-a0-1147-gb3d8e82157 (webtiles) character file.

Game seed: 15097659027330450234

51 senseless the Insei (level 3, 0/28 HPs)
             Began as a Gnoll Transmuter on May 11, 2021.
             Slain by a polar bear (4 damage)
             ... created by the rage of Trog
             ... on level 3 of the Dungeon.
             The game lasted 00:04:27 (2179 turns).

senseless the Insei (Gnoll Transmuter)              Turns: 2179, Time: 00:04:28

Health: 0/28       AC:  2    Str: 10    XL:     3   Next: 83%
Magic:  9/9        EV: 13    Int: 12    God:
Gold:   94         SH:  0    Dex: 12    Spells: 11/12 levels left

rFire    . . .     SeeInvis .     - Unarmed
rCold    . . .     Faith    .   (no shield)
rNeg     . . .     Spirit   .   a - +0 robe
rPois    .         Reflect  .   (no helmet)
rElec    .         Harm     .   (no cloak)
rCorr    .         Rampage  .   (no gloves)
Will     .....                  (no boots)
Stlth    ++........             (no amulet)
HPRegen  0.09/turn              (no ring)
MPRegen  0.11/turn              (no ring)

@: slowed, very slow
A: fangs 1, strong nose, distributed training
a: no special abilities


You were on level 3 of the Dungeon.
You visited 1 branch of the dungeon, and saw 3 of its levels.

You collected 94 gold pieces.

Inventory:

Armour
 a - a +0 robe (worn)
Scrolls
 e - a scroll of identify {unknown}
Potions
 b - a potion of attraction {unknown}
 c - 2 potions of brilliance {unknown}
 d - a potion of curing {unknown}
 f - a potion of mutation {unknown}


   Skills:
 + Level 2.6 Fighting
 + Level 1.0 Short Blades
 + Level 1.0 Long Blades
 + Level 1.0 Axes
 + Level 1.0 Maces & Flails
 + Level 1.0 Polearms
 + Level 1.0 Staves
 + Level 1.0 Slings
 + Level 1.0 Bows
 + Level 1.0 Crossbows
 + Level 1.0 Throwing
 + Level 1.0 Armour
 + Level 4.6 Dodging
 + Level 1.0 Stealth
 + Level 1.0 Shields
 + Level 6.5 Unarmed Combat
 + Level 5.0 Spellcasting
 + Level 0.7 Conjurations
 + Level 0.7 Hexes
 + Level 0.7 Summonings
 + Level 0.7 Necromancy
 + Level 0.7 Translocations
 + Level 3.8 Transmutations
 + Level 0.7 Fire Magic
 + Level 0.7 Ice Magic
 + Level 0.7 Air Magic
 + Level 0.7 Earth Magic
 + Level 0.7 Poison Magic
 + Level 1.0 Invocations
 + Level 1.0 Evocations


You had 11 spell levels left.
You knew the following spells:

 Your Spells              Type           Power      Damage    Failure   Level
a - Beastly Appendage     Tmut           24%        N/A       4%          1

Your spell library contained the following spells:

 Spells                   Type           Power      Damage    Failure   Level
 Wereblood                Tmut           12%        N/A       6%          2
 Spider Form              Tmut/Pois      4%         N/A       24%         3
 Ice Form                 Ice/Tmut       8%         N/A       61%         4
 Hydra Form               Tmut           6%         N/A       75%         5


Dungeon Overview and Level Annotations

Branches:
Dungeon (3/15)

Altars:
Trog
Vehumet


Innate Abilities, Weirdness & Mutations

You have very sharp teeth.
Your uncanny sense of smell can sniff out nearby items.
Your experience applies equally to all skills.


Message History

You feel yourself slow down.
A goblin comes into view. It is wielding a +0 trident.
The goblin shouts!
You grow a pair of large bovine horns.
Your feet morph into talons.
Your transformation is almost over.
A goblin comes into view. It is wielding a +0 club.
The goblin barely misses you. The goblin barely misses you.
You hit the goblin.
The goblin is moderately wounded.
The goblin completely misses you. The goblin hits you with a +0 trident.
You closely miss the goblin.
The goblin is moderately wounded.
The goblin closely misses you.
You punch the goblin!
You kill the goblin!
Things that are here:
a +0 trident; a scroll labelled CUTOUD XAGOCODWI; a goblin corpse You closely miss the goblin.
Your horns disappear.
Your talons disappear.
The goblin misses you. The goblin barely misses you.
You hit the goblin.
The goblin is heavily wounded.
The goblin hits you with a +0 club.
Trog sends monsters to punish you. 3 polar bears and a black bear come into view.
You closely miss the goblin.
The goblin is heavily wounded.
The goblin misses you.
You closely miss the goblin.
The goblin is heavily wounded.
The goblin hits you with a +0 club. The polar bear barely misses you.
The polar bear closely misses you. The polar bear claws you.
The black bear closely misses you. The black bear misses you.
The black bear claws you.
The polar bear completely misses you. x2
The polar bear claws you. The goblin hits you with a +0 club.
The polar bear bites you!
* * * LOW HITPOINT WARNING * * *
The polar bear claws you.
You die...

#..## #....
#.... ##....
#... ##.....
#...
.......### #..
∆ ∆ ......g..#
#.. #@h###.#
#hhh.#.# ∆
##...#.## #
##.....## ##
###.#..### .
#.##...# #.#
#..###.###.#
#...##.....##
#.#....#....##


You could see 3 polar bears, a black bear (berserk) and a goblin.

Vanquished Creatures
  An adder (D:2)
  7 ball pythons
  3 bats (D:2)
  8 endoplasms
  A giant cockroach (D:1)
  5 goblins
  3 hobgoblins
  A quokka (D:1)
  3 frilled lizards
  A kobold (D:1)
  5 rats
38 creatures vanquished.

Notes
Turn   | Place    | Note
-------+----------+-------------------------------------------
     0 | D:1      | senseless the Gnoll Transmuter began the quest for the Orb.
     0 | D:1      | Reached XP level 1. HP: 17/17 MP: 6/6
   439 | D:1      | Reached XP level 2. HP: 23/23 MP: 5/7
   582 | D:1      | Found a faded altar of an unknown god.
   587 | D:1      | Became a worshipper of Trog the Wrathful
   587 | D:1      | Reached * piety under Trog
   588 | D:1      | Fell from the grace of Trog
  1222 | D:2      | Found a radiant altar of Vehumet.
  1280 | D:2      | Reached XP level 3. HP: 26/28 MP: 7/9
  1473 | D:2      | Reached skill level 5 in Spellcasting
  1502 | D:2      | Paralysed by Trog for 7 turns
  1655 | D:2      | Reached skill level 1 in Invocations
  2140 | D:3      | Reached skill level 1 in Short Blades
  2140 | D:3      | Reached skill level 1 in Long Blades
  2140 | D:3      | Reached skill level 1 in Axes
  2140 | D:3      | Reached skill level 1 in Maces & Flails
  2140 | D:3      | Reached skill level 1 in Polearms
  2140 | D:3      | Reached skill level 1 in Staves
  2140 | D:3      | Reached skill level 1 in Slings
  2140 | D:3      | Reached skill level 1 in Bows
  2140 | D:3      | Reached skill level 1 in Crossbows
  2140 | D:3      | Reached skill level 1 in Throwing
  2140 | D:3      | Reached skill level 1 in Armour
  2140 | D:3      | Reached skill level 1 in Stealth
  2140 | D:3      | Reached skill level 1 in Shields
  2140 | D:3      | Reached skill level 1 in Evocations
  2178 | D:3      | Noticed a polar bear
  2178 | D:3      | Noticed a black bear
  2178 | D:3      | Noticed a polar bear
  2178 | D:3      | Noticed a polar bear
  2179 | D:3      | Slain by a polar bear

Illustrated notes

Levels and vault maps discovered:
D:1:      tarquinn_simple_flora_water_e, layout_loops_corners,
          basic_ecumenical_altar
D:2:      layout_basic, basic_altar, chequers_jeans
D:3:      minmay_octagon_keep, layout_rooms, ebering_ghost_sewer_f

Skill      XL: |  1  2  3 |
---------------+----------+-----
Spellcasting   | 5 |  5.0
Invocations    | 1 |  1.0
Short Blades   | 1 |  1.0
Long Blades    | 1 |  1.0
Axes           | 1 |  1.0
Maces & Flails | 1 |  1.0
Polearms       | 1 |  1.0
Staves         | 1 |  1.0
Slings         | 1 |  1.0
Bows           | 1 |  1.0
Crossbows      | 1 |  1.0
Throwing       | 1 |  1.0
Armour         | 1 |  1.0
Stealth        | 1 |  1.0
Shields        | 1 |  1.0
Evocations     | 1 |  1.0
Fighting       | |  2.6
Dodging        | |  4.6
Unarmed Combat | |  6.5
Conjurations   | |  0.7
Hexes          | |  0.7
Summonings     | |  0.7
Necromancy     | |  0.7
Translocations | |  0.7
Transmutations | |  3.8
Fire Magic     | |  0.7
Ice Magic      | |  0.7
Air Magic      | |  0.7
Earth Magic    | |  0.7
Poison Magic   | |  0.7

Action                   || total
-------------------------++-------
Melee: Unarmed           ||    91
       Kick              ||    13
       Headbutt          ||     6
       Bite              ||     8
 Cast: Beastly Appendage ||    28
Invok: Renounce Religion ||     1
  Use: Scroll            ||     1
 Stab: Sleeping          ||     1
Armor: Robe              ||    10
Dodge: Dodged            ||    68

Table legend: (Time is in decaauts)
 A = Elapsed time spent in this place.
 B = Non-inter-level travel time spent in this place.
 C = Inter-level travel time spent in this place.
 D = Time resting spent in this place.
 E = Time spent auto-exploring this place.
 F = Levels seen in this place.
 G = Mean time per level.
                   A        B        C        D        E       F      G
               +--------+--------+--------+--------+--------+-----+--------+
         Total |   2175 |   2088 |     87 |      4 |   1831 |   3 |  725.0 |
       Dungeon |   2175 |   2088 |     87 |      4 |   1831 |   3 |  725.0 |
               +--------+--------+--------+--------+--------+-----+--------+

Top non-repeatable levels by time:
     D:1: 1181 daAuts
     D:2: 902 daAuts
     D:3: 91 daAuts
